 Dungeon Crawl Stone Soup version 0.28.0-53-g5a82cb258f (webtiles) character file.

Game seed: 13915334481154893762

95 MisterFreud the Covert (level 4, -4/41 HPs)
             Began as a Gnoll Delver on June 1, 2022.
             Killed by nerve-wracking pain
             ... invoked by Grinder
              (5 damage)
             ... on level 5 of the Dungeon.
             The game lasted 00:01:18 (603 turns).

MisterFreud the Covert (Gnoll Delver)                Turns: 603, Time: 00:01:19

Health: -4/41      AC:  4    Str: 11    XL:     4   Next: 66%
Magic:  5/5        EV: 13    Int: 12    God:
Gold:   0          SH:  0    Dex: 13    Spells: 5/5 levels left

rFire   . . .      SeeInvis .   a - +0 short sword
rCold   . . .      Faith    .   (no shield)
rNeg    . . .      Spirit   .   b - +0 leather armour
rPois   .          Reflect  .   (no helmet)
rElec   .          Harm     .   (no cloak)
rCorr   .          Rampage  .   (no gloves)
Will    .....                   j - +0 pair of boots
Stlth   ++++......              (no amulet)
HPRegen 0.13/turn               (no ring)
MPRegen 0.09/turn               (no ring)

@: flying
A: fangs 1, strong nose, distributed training
a: no special abilities


You were on level 5 of the Dungeon.
You visited 1 branch of the dungeon, and saw 3 of its levels.

Inventory:

Hand Weapons
 a - a +0 short sword (weapon)
Armour
 b - a +0 leather armour (worn)
 j - a +0 pair of boots (worn)
Wands
 g - a wand of digging (3)
Scrolls
 c - a scroll of fog
 d - a scroll of magic mapping
 e - a scroll of fear
 i - a scroll of teleportation {unknown}
Potions
 f - a potion of haste


   Skills:
 + Level 6.6 Fighting
 + Level 4.6 Short Blades
 + Level 1.2 Long Blades
 + Level 1.2 Axes
 + Level 1.2 Maces & Flails
 + Level 1.2 Polearms
 + Level 1.2 Staves
 + Level 1.2 Slings
 + Level 1.2 Bows
 + Level 1.2 Crossbows
 + Level 1.2 Throwing
 + Level 1.2 Armour
 + Level 4.6 Dodging
 + Level 9.6 Stealth
 + Level 1.2 Shields
 + Level 1.2 Unarmed Combat
 + Level 1.2 Spellcasting
 + Level 1.0 Conjurations
 + Level 1.0 Hexes
 + Level 1.0 Summonings
 + Level 1.0 Necromancy
 + Level 1.0 Translocations
 + Level 1.0 Transmutations
 + Level 1.0 Fire Magic
 + Level 1.0 Ice Magic
 + Level 1.0 Air Magic
 + Level 1.0 Earth Magic
 + Level 1.0 Poison Magic
 + Level 1.3 Invocations
 + Level 1.2 Evocations


You had 5 spell levels left.
You didn't know any spells.
Your spell library was empty.

Dungeon Overview and Level Annotations

Branches:
Dungeon (6/15)             Temple (0/1) D:6

Altars:

Annotations:
D:5 3 runed translucent doors, Grinder; jazmu's ghost, novice GrMo


Innate Abilities, Weirdness & Mutations

You have very sharp teeth.
Your uncanny sense of smell can sniff out nearby items.
Your experience applies equally to all skills.


Message History

You resist with significant effort.
You barely miss Grinder.
Grinder is almost dead.
Grinder blinks!
Okay, then.
You hit the hound zombie.
The hound zombie is heavily damaged.
The hound zombie barely misses you. Grinder gestures at you.
Pain shoots through your body!
* * * LOW HITPOINT WARNING * * *
Unknown command.
You hit the hound zombie but do no damage.
The hound zombie is heavily damaged.
The hound zombie closely misses you. Grinder gestures at you.
You suddenly lose the ability to move!
The hound zombie bites you.
* * * LOW HITPOINT WARNING * * *
The hound zombie barely misses you. The hound zombie bites you.
* * * LOW HITPOINT WARNING * * *
Grinder hits you but does no damage. The hound zombie bites you.
* * * LOW HITPOINT WARNING * * *
Grinder gestures at you.
You barely resist. The hound zombie barely misses you. Grinder gestures at you.
You shrug off the repeated paralysis!
The hound zombie bites you.
* * * LOW HITPOINT WARNING * * *
You can move again.
Unknown command.
Grinder blinks!
It was a potion of flight.
You feel very buoyant.
You fly up into the air.
The hound zombie barely misses you. Grinder gestures at you.
Pain shoots through your body!
You die...

##### #...#####
#...#...#### #..........#
#######.@Z#..#.#.#
######.........#......#
####..........5...#..#.#.#
#....###..#####.###..5...#
#.##.......##...# .......
...#.......##.### ######+
.#.#..........#
.#..........###
............#


You could see Grinder and a hound zombie.

Vanquished Creatures
  A bullfrog zombie (D:5)
  2 orc priests (D:5)
  2 orcs (D:5)
  An endoplasm (D:5)
6 creatures vanquished.

Notes
Turn   | Place    | Note
-------+----------+-------------------------------------------
     0 | D:5      | Reached skill level 9 in Stealth
     0 | D:5      | MisterFreud the Gnoll Delver began the quest for the Orb.
     0 | D:5      | Reached XP level 1. HP: 23/23 MP: 1/1
     4 | D:6      | Found a staircase to the Ecumenical Temple.
     5 | D:6      | Noticed a water moccasin
     6 | D:6      | Noticed a hound
   147 | D:4      | Noticed an ogre
   164 | D:5      | Noticed an orc priest
   169 | D:5      | Killed an orc priest
   170 | D:5      | Reached XP level 2. HP: 29/29 MP: 1/3
   170 | D:5      | Reached XP level 3. HP: 35/35 MP: 1/4
   183 | D:5      | Reached skill level 1 in Long Blades
   183 | D:5      | Reached skill level 1 in Axes
   183 | D:5      | Reached skill level 1 in Maces & Flails
   183 | D:5      | Reached skill level 1 in Polearms
   183 | D:5      | Reached skill level 1 in Staves
   183 | D:5      | Reached skill level 1 in Slings
   183 | D:5      | Reached skill level 1 in Bows
   183 | D:5      | Reached skill level 1 in Crossbows
   183 | D:5      | Reached skill level 1 in Throwing
   183 | D:5      | Reached skill level 1 in Armour
   183 | D:5      | Reached skill level 1 in Shields
   183 | D:5      | Reached skill level 1 in Unarmed Combat
   183 | D:5      | Reached skill level 1 in Spellcasting
   183 | D:5      | Reached skill level 1 in Invocations
   183 | D:5      | Reached skill level 1 in Evocations
   183 | D:5      | Reached XP level 4. HP: 32/41 MP: 2/5
   203 | D:5      | Reached skill level 1 in Conjurations
   203 | D:5      | Reached skill level 1 in Hexes
   203 | D:5      | Reached skill level 1 in Summonings
   203 | D:5      | Reached skill level 1 in Necromancy
   203 | D:5      | Reached skill level 1 in Translocations
   203 | D:5      | Reached skill level 1 in Transmutations
   203 | D:5      | Reached skill level 1 in Fire Magic
   203 | D:5      | Reached skill level 1 in Ice Magic
   203 | D:5      | Reached skill level 1 in Air Magic
   203 | D:5      | Reached skill level 1 in Earth Magic
   203 | D:5      | Reached skill level 1 in Poison Magic
   514 | D:5      | Found a runed translucent gate.
   514 | D:5      | Found a runed translucent gate.
   514 | D:5      | Found a runed translucent gate.
   514 | D:5      | Noticed jazmu's ghost (novice GrMo)
   569 | D:5      | Noticed Grinder
   578 | D:5      | Paralysed by Grinder for 5 turns
   597 | D:5      | Paralysed by Grinder for 4 turns
   601 | D:5      | HP: 1/41 [hound zombie (3)]
   603 | D:5      | Killed from afar by Grinder

Illustrated notes

Levels and vault maps discovered:
D:4:      layout_rooms, minmay_shop_mass
D:5:      layout_rooms, gammafunk_ghost_necromancy, glass_columns_a,
          small_statue_intersection, grunt_decor_clamped,
          kennysheep_generic_room_16, uniq_grinder
D:6:      layout_cave_pools, minmay_temple_entry_large_hall, serial_shops,
          nicolae_shop_statue_plus

Skill      XL: |  1  2  3  4 |
---------------+-------------+-----
Stealth        | |  9.6
Long Blades    | 1 |  1.2
Axes           | 1 |  1.2
Maces & Flails | 1 |  1.2
Polearms       | 1 |  1.2
Staves         | 1 |  1.2
Slings         | 1 |  1.2
Bows           | 1 |  1.2
Crossbows      | 1 |  1.2
Throwing       | 1 |  1.2
Armour         | 1 |  1.2
Shields        | 1 |  1.2
Unarmed Combat | 1 |  1.2
Spellcasting   | 1 |  1.2
Invocations    | 1 |  1.3
Evocations     | 1 |  1.2
Conjurations   | 1 |  1.0
Hexes          | 1 |  1.0
Summonings     | 1 |  1.0
Necromancy     | 1 |  1.0
Translocations | 1 |  1.0
Transmutations | 1 |  1.0
Fire Magic     | 1 |  1.0
Ice Magic      | 1 |  1.0
Air Magic      | 1 |  1.0
Earth Magic    | 1 |  1.0
Poison Magic   | 1 |  1.0
Fighting       | |  6.6
Short Blades   | |  4.6
Dodging        | |  4.6

Action                   |  1- 3 |  4- 6 || total
-------------------------+-------+-------++-------
Melee: Short sword       |    16 |    25 ||    41
       Bite              |     5 |     1 ||     6
       Punch             |     1 |       ||     1
  Use: Potion            |       |     1 ||     1
 Stab: Sleeping          |     3 |     1 ||     4
Armor: Leather armour    |     4 |     2 ||     6
Dodge: Dodged            |     6 |    16 ||    22
